 Dungeon Crawl Stone Soup version 0.29-a0-998-g1987434951 (webtiles) character file.

Game seed: 13111152258422504254

2111 garrulousMonolith the Cleaver (level 9, -10/78 HPs)
             Began as a Hill Orc Fighter on Aug 5, 2022.
             Was a Follower of Beogh.
             Killed from afar by a gargoyle (30 damage)
             ... with a stone arrow
             ... on level 10 of the Dungeon.
             The game lasted 00:06:36 (7615 turns).

garrulousMonolith the Cleaver (Hill Orc Fighter)    Turns: 7615, Time: 00:06:36

Health: -10/78     AC:  8    Str: 23    XL:     9   Next: 28%
Magic:  9/9        EV: 10    Int: 10    God:    Beogh [*.....]
Gold:   264        SH:  5    Dex: 10    Spells: 8/8 levels left

rFire   . . .      SeeInvis .   G - +7 broad axe of Qoeguuso {elec, rN+ Str+2}
rCold   + + .      Faith    .   c - +0 buckler
rNeg    + + .      Spirit   .   J - +1 scale mail of Fashionability {rC++ Will+++ Stlth-}
rPois   .          Reflect  .   (no helmet)
rElec   .          Harm     .   (no cloak)
rCorr   .          Rampage  .   (no gloves)
Will    +++..                   (no boots)
Stlth   ..........              (no amulet)
HPRegen 0.23/turn               r - ring of positive energy
MPRegen 0.11/turn               (no ring)

@: studying Invocations
A: no striking features
a: Renounce Religion


You were on level 10 of the Dungeon.
You worshipped Beogh.
Beogh was aware of your devotion.
You visited 1 branch of the dungeon, and saw 8 of its levels.

You collected 354 gold pieces.
You spent 90 gold pieces at shops.

Inventory:

Hand Weapons
 t - a +0 sling
 B - a +2 dagger of venom
 D - the +3 spear "Okkebbee" {vorpal, rF+ rCorr Str+5}
   (You found it on level 4 of the Dungeon)

   It inflicts extra damage upon your enemies.
   Str:       It affects your strength (+5).
   rF:        It protects you from fire.
   rCorr:     It protects you from acid and corrosion.
 G - the +7 broad axe of Qoeguuso (weapon) {elec, rN+ Str+2}
   (You acquired it on level 4 of the Dungeon)

   It occasionally discharges a powerful burst of electricity upon striking a
   foe.
   Str:       It affects your strength (+2).
   rN:        It protects you from negative energy.
Missiles
 b - 10 poisoned darts (quivered)
 l - 2 silver boomerangs
 x - a throwing net
 A - 4 datura-tipped darts
Armour
 c - a +0 buckler (worn)
 n - a +0 chain mail
 J - the +1 scale mail of Fashionability (worn) {rC++ Will+++ Stlth-}
   (You found it on level 5 of the Dungeon)

   rC:        It greatly protects you from cold.
   Will:      It greatly increases your willpower.
   Stlth:     It makes you less stealthy.
Magical Staves
 v - a staff of cold
Jewellery
 a - a ring of ice
 r - a ring of positive energy (left hand)
Scrolls
 e - 2 scrolls of silence {unknown}
 h - 2 scrolls of summoning
 i - a scroll of immolation {unknown}
 k - a scroll of fear {unknown}
 o - a scroll of enchant armour {unknown}
 p - a scroll of brand weapon {unknown}
 s - 2 scrolls of teleportation
 u - 2 scrolls of torment {unknown}
 y - 2 scrolls of vulnerability {unknown}
 C - a scroll of enchant weapon {unknown}
 E - 2 scrolls of magic mapping {unknown}
 H - 2 scrolls of blinking {unknown}
 K - a scroll of identify
Potions
 d - a potion of might
 f - 2 potions of resistance
 g - 2 potions of berserk rage
 j - 3 potions of curing
 m - a potion of haste {unknown}
 q - a potion of cancellation
 w - 2 potions of mutation {unknown}
 z - a potion of heal wounds {unknown}
 F - a potion of brilliance {unknown}
 I - a potion of attraction {unknown}


   Skills:
 + Level 6.9 Fighting
 * Level 9.5 Axes
 + Level 6.3 Armour
 + Level 3.8 Dodging
 + Level 6.1 Shields


You had 8 spell levels left.
You didn't know any spells.
Your spell library contained the following spells:

 Spells                   Type           Power      Damage    Failure   Level
 Beastly Appendage        Tmut           0%         N/A       75%         1
 Wereblood                Tmut           0%         N/A       86%         2
 Ozocubu's Armour         Ice            0%         N/A       98%         3
 Spider Form              Tmut/Pois      0%         N/A       98%         3
 Ozocubu's Refrigeration  Ice            0%         4d7       100%        7


Dungeon Overview and Level Annotations

Branches:
Dungeon (10/15)            Temple (0/1) D:5
   Lair: D:8-11         Orc: D:9-12

Altars:
Fedhas
Gozag
Hepliaklqana
Wu Jian
Xom
Zin

Shops:
D:5 *


Message History

The hornet stings you!
* * * LOW HITPOINT WARNING * * *
You feel as though you will be slow longer.
You feel better. The hornet stings you.
* * * LOW HITPOINT WARNING * * *
You feel as though you will be slow longer.
The hornet misses you.
Your yak closely misses the hornet.
The hornet attacks as you move away!
The hornet stings you but does no damage.
Your hornet misses the hornet.
Your yak gores the hornet.
Your yak gores the hornet!
You block the hornet's attack.
Your hornet stings the hornet.
The hornet seems to slow down.
Your yak closely misses the hornet.
Your yak gores the hornet!
The hornet dies!
Beogh accepts your kill.
You start resting.
You feel yourself speed up.
You start resting.
Your yak dissolves into shadows! x7
Your hornet dissolves into shadows!
Your yak dissolves into shadows! x2
You start resting.
A gargoyle comes into view. It is wielding a +0 morningstar.
A gargoyle is nearby!
You slice the gargoyle!!
The gargoyle is severely damaged.
The gargoyle hits you with a +0 morningstar!
The gargoyle hurls a stone arrow at you.
The stone arrow hits you.
You hit the gargoyle but do no damage.
The gargoyle is heavily damaged.
The gargoyle hurls a stone arrow at you.
The stone arrow hits you!!
* * * LOW HITPOINT WARNING * * *
You feel better. You block the gargoyle's attack.
You slash the gargoyle!
The gargoyle is severely damaged.
The gargoyle hurls a stone arrow at you.
The stone arrow hits you!!
You die...

## .. .. # #. #. #.
#..##(
#....(########+###
#..................
#.........@9..###..
#..#..##..##.......
#..................
#....######..>.####
#.... #....# #....
#....# #.... #....#
#....# #....#


You could see a gargoyle.

Vanquished Creatures
  A steam dragon (D:7)
  A water moccasin (D:5)
  An ice beast (D:6)
  A black bear (D:5)
  3 ogres
  2 phantoms
  2 gnoll sergeants
  A bullfrog (D:7)
  3 howler monkeys (D:7)
  5 hounds
  2 orc priests
  3 jellies
  6 iguanas
  An orc wizard (D:6)
  8 gnolls
  9 adders
  2 shadow imps (D:7)
  An ufetubus (D:6)
  A worm (D:5)
  2 dart slugs (D:1)
  12 orcs
  9 ball pythons
  3 bats
  9 endoplasms
  3 giant cockroaches
  5 goblins
  14 hobgoblins
  7 jackals (D:2)
  8 quokkas
  A frilled lizard (D:2)
  9 kobolds
  6 rats
141 creatures vanquished.

Vanquished Creatures (collateral kills)
  A hornet (D:10)
1 creature vanquished.

Grand Total: 142 creatures vanquished

Notes
Turn   | Place    | Note
-------+----------+-------------------------------------------
     0 | D:1      | garrulousMonolith the Hill Orc Fighter began the quest for
                  | the Orb.
     0 | D:1      | Reached XP level 1. HP: 19/19 MP: 1/1
   185 | D:1      | Reached skill level 3 in Axes
   185 | D:1      | Reached XP level 2. HP: 27/27 MP: 2/2
   502 | D:1      | Reached XP level 3. HP: 33/33 MP: 3/3
  1126 | D:1      | Found a faded altar of an unknown god.
  1757 | D:2      | Reached skill level 1 in Dodging
  1757 | D:2      | Reached XP level 4. HP: 27/40 MP: 4/4
  1917 | D:2      | Reached skill level 4 in Axes
  2355 | D:3      | Found an ornate altar of the Wu Jian Council.
  2356 | D:3      | Found a hazy altar of Hepliaklqana.
  2555 | D:3      | Noticed an ogre
  2559 | D:3      | Killed an ogre
  2560 | D:3      | Reached XP level 5. HP: 9/47 MP: 5/5
  2972 | D:3      | Found a shimmering altar of Xom.
  2973 | D:3      | Found a blossoming altar of Fedhas.
  3518 | D:4      | Found Zin's Purification Station.
  3520 | D:4      | Found a glowing silver altar of Zin.
  3523 | D:4      | Bought a potion of curing for 90 gold pieces
  3560 | D:4      | Reached skill level 5 in Axes
  3664 | D:4      | Reached XP level 6. HP: 34/53 MP: 6/6
  4313 | D:4      | Identified the +3 spear "Okkebbee" {vorpal, rF+ rCorr
                  | Str+5}
  4329 | D:4      | Became a worshipper of Beogh the Brigand
  4807 | D:4      | Identified 2 scrolls of acquirement
  4807 | D:4      | Acquired the +7 broad axe of Qoeguuso {elec, rN+ Str+2}
  4811 | D:4      | Acquired a manual of Invocations
  4825 | D:5      | Entered Level 5 of the Dungeon
  4928 | D:5      | Reached skill level 5 in Fighting
  4928 | D:5      | Reached skill level 6 in Axes
  4928 | D:5      | Reached XP level 7. HP: 47/61 MP: 7/7
  5215 | D:5      | Found Lusazurch's Fire Supplies.
  5448 | D:5      | Found a staircase to the Ecumenical Temple.
  5491 | D:5      | Reached skill level 5 in Armour
  5527 | D:5      | Identified the +1 scale mail of Fashionability {rC++
                  | Will+++ Stlth-}
  5549 | D:5      | Reached skill level 7 in Axes
  5549 | D:5      | Reached skill level 5 in Shields
  5549 | D:5      | Reached XP level 8. HP: 58/69 MP: 8/8
  5896 | D:6      | Found an opulent altar of Gozag.
  6302 | D:6      | Reached * piety under Beogh
  6303 | D:6      | Reached skill level 8 in Axes
  7016 | D:7      | Reached XP level 9. HP: 64/78 MP: 9/9
  7120 | D:7      | Reached skill level 9 in Axes
  7466 | D:7      | You fall into a shaft and drop 3 floors!
  7466 | D:10     | Entered Level 10 of the Dungeon
  7473 | D:10     | Noticed a hornet
  7476 | D:10     | Paralysed by a hornet for 2 turns
  7481 | D:10     | Killed a hornet
  7608 | D:10     | Noticed a gargoyle
  7615 | D:10     | Killed from afar by a gargoyle

Illustrated notes

Levels and vault maps discovered:
D:1:      dpeg_arrival_boxorama, layout_loops_cross,
          shapermc_ecumenical_altar_petra, minmay_curled_crystal,
          minmay_distorted
D:2:      layout_loops_corners
D:3:      layout_basic, mainiacjoe_overflow_divided_tiny,
          chequers_temple_overflow_statue_of_worship, minmay_quadrilaterals
D:4:      layout_loops_corners, zin_purify, nicolae_hexahallways
D:5:      layout_loops_ring, minmay_temple_entry_proselytizer,
          nicolae_shop_fire_sale [nicolae_sub_dead_trees],
          kennysheep_small_circle
D:6:      layout_rooms, nicolae_gozag_seed_capital
D:7:      layout_gridville, kennysheep_mini, uniq_duvessa
D:10:     layout_stronghold, serial_park_tiny_pond

Skill      XL: |  1  2  3  4  5  6  7  8  9 |
---------------+----------------------------+-----
Axes           | 3 4 5 6 7 8 9 |  9.5
Fighting       | 4 5 6 |  6.9
Dodging        | 1 2 3 |  3.8
Armour         | 4 5 6 |  6.3
Shields        | 4 5 6 |  6.1

Action                   |  1- 3 |  4- 6 |  7- 9 || total
-------------------------+-------+-------+-------++-------
Melee: War axe           |   139 |   120 |       ||   259
       Dagger            |       |    60 |       ||    60
       Broad axe         |       |    11 |   102 ||   113
       Spear             |       |     3 |       ||     3
Throw: Dart              |       |       |     2 ||     2
Invok: Convert to Beogh  |       |     1 |       ||     1
  Use: Scroll            |       |     7 |     3 ||    10
       Potion            |       |     2 |     3 ||     5
Armor: Scale mail        |    45 |       |    31 ||    76
       Chain mail        |    26 |   101 |     7 ||   134
       Ring mail         |       |       |     2 ||     2
Dodge: Dodged            |    64 |    82 |    37 ||   183
Block: Buckler           |    32 |    41 |    28 ||   101

Table legend: (Time is in decaauts)
 A = Elapsed time spent in this place.
 B = Non-inter-level travel time spent in this place.
 C = Inter-level travel time spent in this place.
 D = Time resting spent in this place.
 E = Time spent auto-exploring this place.
 F = Levels seen in this place.
 G = Mean time per level.
                   A        B        C        D        E       F      G
               +--------+--------+--------+--------+--------+-----+--------+
         Total |   7738 |   7537 |    201 |   1627 |   4827 |   8 |  967.2 |
       Dungeon |   7738 |   7537 |    201 |   1627 |   4827 |   8 |  967.2 |
               +--------+--------+--------+--------+--------+-----+--------+

Top non-repeatable levels by time:
     D:4: 1367 daAuts
     D:1: 1347 daAuts
     D:3: 1127 daAuts
     D:5: 1084 daAuts
     D:2: 1071 daAuts
     D:6: 840 daAuts
     D:7: 745 daAuts
    D:10: 154 daAuts
